 Dungeon Crawl Stone Soup version 0.30-a0-852-g08b95dd62f (webtiles) character file.

Game seed: 9995599731461469852

588 Firecrotchwizard the Cleaver (level 7, -1/102 HPs)
             Began as a Hill Orc Monk on Mar 5, 2023.
             Slain by a killer bee (7 damage)
             ... on level 7 of the Dungeon.
             The game lasted 00:05:27 (3411 turns).

Firecrotchwizard the Cleaver (Hill Orc Monk)        Turns: 3411, Time: 00:05:27

Health: -1/102     AC: 23    Str: 16    XL:     7   Next: 38%
Magic:  7/7        EV:  2    Int: 10    God:
Gold:   169        SH:  0    Dex: 13    Spells: 6/6 levels left

rFire   . . .      SeeInvis .    p - +2 flail (flame)
rCold   . . .      Faith    .    (no shield)
rNeg    . . .      Spirit   .    l - melded +1 scale mail
rPois   +          Reflect  .    (helmet currently unavailable)
rElec   .          Rampage  .    (cloak currently unavailable)
rCorr   .          Clarity  +    e - melded +1 pair of gloves of the Learner {Int+2}
Will    .....      NoTele   +    (boots currently unavailable)
Stlth   ++                       (no amulet)
HPRegen 0.37/turn                (no ring)
MPRegen 0.10/turn                (no ring)

@: tree-form
A: stationary, stasis, torment immunity, boosted hp, (hooves 2), clarity, robust
1
a: no special abilities


You were on level 7 of the Dungeon.
You were a tree.
You visited 1 branch of the dungeon, and saw 7 of its levels.

You collected 169 gold pieces.

Inventory:

Hand Weapons
 a - a +0 hand axe
 p - a +2 flail of flaming (weapon)
   (You took it off an orc on level 5 of the Dungeon)
Missiles
 s - 39 stones (quivered)
 v - 4 javelins
Armour
 b - a +0 robe
 d - a +0 ring mail
   (You found it on level 2 of the Dungeon)
 e - the +1 pair of gloves of the Learner (melded) {Int+2}
   (You found it on level 3 of the Dungeon)

   Int:       It affects your intelligence (+2).
 l - a +1 scale mail (melded)
   (You found it on level 4 of the Dungeon)
 q - a +0 plate armour
   (You found it on level 5 of the Dungeon)
Magical Staves
 j - a staff of earth
   (You found it on level 4 of the Dungeon)
Jewellery
 f - a ring of fire {rF+, rC-}
   (You found it on level 1 of the Dungeon)
Scrolls
 k - a scroll of amnesia {unknown}
 Y - a scroll of teleportation {@r3}
Potions
 g - a potion of heal wounds {unknown}
 h - a potion of brilliance {unknown}
 i - a potion of degeneration {unknown}
 m - a potion of might {unknown}
 t - a potion of curing {unknown}
 G - 2 potions of ambrosia {!q}
 P - a potion of lignification {!q}
 U - 2 potions of mutation {!q}


   Skills:
 + Level 5.8 Fighting
 * Level 8.2 Axes
 + Level 3.9 Armour
 - Level 2.4 Dodging
 - Level 1.5 Stealth


You had 6 spell levels left.
You didn't know any spells.
Your spell library contained the following spells:

 Spells                   Type           Power      Damage    Failure   Level
 Apportation              Tloc           0%         N/A       36%         1
 Magic Dart               Conj           0%         1d3       36%         1
 Searing Ray              Conj           0%         2d4       50%         2
 Inner Flame              Hex/Fire       0%         N/A       75%         3
 Ozocubu's Armour         Ice            0%         N/A       75%         3
 Flame Wave               Conj/Fire      0%         2d4       98%         4
 Fulminant Prism          Conj/Hex       0%         3d5       98%         4
 Sticky Flame             Conj/Fire      0%         2d3       98%         4
 Alistair's Intoxication  Tmut/Pois      0%         N/A       100%        5
 Metabolic Englaciation   Hex/Ice        0%         N/A       100%        5
 Simulacrum               Ice/Necr       0%         N/A       100%        6


Dungeon Overview and Level Annotations

Branches:
Dungeon (7/15)             Temple (0/1) D:5

Altars:
Ashenzari
Fedhas
Qazlal
Wu Jian
The Shining One

Shops:
D:6 (?


Innate Abilities, Weirdness & Mutations

You are a tree.
Your roots penetrate the ground, keeping you stationary.
You cannot be teleported.
You are immune to unholy pain and torment.
Your maximum health is greatly increased.
Your equipment is partially melded.
((You have hoof-like feet.))
You possess an exceptional clarity of mind.
You are robust. (+10% HP)


Message History

You take 5 damage, and have 52/62 hp.
You closely miss the killer bee.
You feel very sick. The killer bee closely misses you.
The killer bee stings you but does no damage.
The killer bee stings you.
You take 3 damage, and have 49/62 hp.
You sock the killer bee! You burn the killer bee.
You feel sick. The killer bee closely misses you. The killer bee stings you!
You take 9 damage, and have 40/62 hp.
Okay, then.
You hit the killer bee but do no damage.
You feel sick.
The killer bee stings you but does no damage.
The killer bee completely misses you.
You take 2 damage, and have 38/62 hp.
You miss the killer bee.
You feel sick. The killer bee stings you.
The killer bee stings you but does no damage.
The killer bee misses you.
You take 5 damage, and have 33/62 hp.
You hit the killer bee but do no damage.
You feel sick. The killer bee stings you. The killer bee closely misses you.
You take 4 damage, and have 29/62 hp.
You miss the killer bee.
You feel sick. The killer bee barely misses you.
The killer bee stings you but does no damage. x2
You closely miss the killer bee.
You hear the faint creaking of a very distant portcullis.
You feel sick. The killer bee misses you. The killer bee stings you.
You are more poisoned.
The killer bee poisons you!
You take 3 damage, and have 26/62 hp.
It was a potion of mutation.
You feel extremely strange.
Your thoughts seem clearer.
Your feet thicken and deform. x2; You feel robust.
U - 2 potions of mutation You feel very sick.
The killer bee stings you.
The killer bee stings you but does no damage.
You take 4 damage, and have 22/68 hp.
It was a potion of lignification.
You turn into a tree.
The +1 pair of gloves of the Learner {Int+2} melds into your body.
Your +1 scale mail melds into your body.
Your roots penetrate the ground.
P - a potion of lignification You feel sick.
The killer bee stings you but does no damage. x2
You now have 32/102 hp.
You miss the killer bee.
You feel sick.
The killer bee stings you but does no damage. x2
You take 2 damage, and have 30/102 hp.
You hit the killer bee. You burn the killer bee.
You feel sick. The killer bee stings you.
* * * LOW HITPOINT WARNING * * *
The killer bee stings you but does no damage.
The killer bee barely misses you.
You take 4 damage, and have 26/102 hp.
You hit the killer bee. You burn the killer bee.
You feel sick.
The killer bee stings you but does no damage. x2
You take 1 damage, and have 25/102 hp.
You hit the killer bee. You burn the killer bee.
You kill the killer bee!
You feel sick. The killer bee stings you.
* * * LOW HITPOINT WARNING * * *
The killer bee completely misses you.
Your Axes skill increases to level 8!
You take 2 damage, and have 23/102 hp.
You hit the killer bee. You burn the killer bee.
You feel sick.
The killer bee stings you but does no damage. x2
You take 1 damage, and have 22/102 hp.
You miss the killer bee.
You feel sick.
You are no longer poisoned.
The killer bee stings you but does no damage. x2
You sock the killer bee! You burn the killer bee.
You kill the killer bee!
The killer bee stings you but does no damage. x2
You miss the killer bee. The killer bee stings you.
* * * LOW HITPOINT WARNING * * *
You are poisoned.
The killer bee poisons you! The killer bee barely misses you.
You take 3 damage, and have 19/102 hp.
You barely miss the killer bee.
You feel sick. The killer bee stings you.
* * * LOW HITPOINT WARNING * * *
The killer bee stings you but does no damage. x2
You take 7 damage, and have 12/102 hp.
You closely miss the killer bee.
You feel sick.
The killer bee stings you but does no damage. x2
You take 1 damage, and have 11/102 hp.
You miss the killer bee.
You feel sick.
The killer bee stings you but does no damage. x2
You take 1 damage, and have 10/102 hp.
You barely miss the killer bee.
You feel sick. The killer bee barely misses you. The killer bee stings you.
* * * LOW HITPOINT WARNING * * *
The killer bee stings you but does no damage.
You take 4 damage, and have 6/102 hp.
Unknown command.
You sock the killer bee! You burn the killer bee.
You feel sick.
You are no longer poisoned.
The killer bee stings you but does no damage.
The killer bee stings you!
You die...

#.####..#.#####
## #.##......#
#. #.##.#..###
#. #.##.#..# #.
#.......# #.
###..#### #.
#.## #. ##.##
## #..♣## #
#.###y#####.. #
#. #y....... #
#..###.#####..
#........§...#
#..§§≈.≈§§≈≈...
##.≈.......§...
#..≈.≈≈≈≈≈§≈.#.
#..§.§...≈yy.!.


You could see 2 killer bees.

Vanquished Creatures
  A centaur (D:6)
  A bullfrog (D:7)
  2 killer bees (D:7)
  A jelly (D:5)
  3 hounds
  2 iguanas (D:5)
  A sleepcap (D:6)
  An orc wizard (D:5)
  4 gnolls (D:5)
  6 adders
  A white imp (D:5)
  A dart slug (D:4)
  6 orcs
  4 ball pythons (D:4)
  4 endoplasms
  A giant cockroach (D:4)
  A goblin (D:3)
  A hobgoblin (D:1)
  2 jackals (D:4)
  A quokka (D:3)
  2 bats (D:3)
  2 frilled lizards
  A kobold (D:4)
  A rat (D:3)
50 creatures vanquished.

Notes
Turn   | Place    | Note
-------+----------+-------------------------------------------
     0 | D:1      | Firecrotchwizard the Hill Orc Monk began the quest for the
                  | Orb.
     0 | D:1      | Reached XP level 1. HP: 19/19 MP: 1/1
   235 | D:3      | Reached XP level 2. HP: 27/27 MP: 2/2
   246 | D:3      | Identified the +1 pair of gloves of the Learner {Int+2}
   280 | D:3      | Reached skill level 1 in Armour
   379 | D:3      | Found a faded altar of an unknown god.
   379 | D:3      | Found a broken altar of Ashenzari.
   386 | D:3      | Found a stormy altar of Qazlal.
   398 | D:3      | Reached skill level 4 in Fighting
   398 | D:3      | Reached XP level 3. HP: 22/33 MP: 3/3
   403 | D:3      | Reached skill level 5 in Axes
   403 | D:3      | Found a faded altar of an unknown god.
   471 | D:3      | Found an ornate altar of the Wu Jian Council.
   626 | D:3      | Found a glowing golden altar of the Shining One.
   898 | D:4      | Reached XP level 4. HP: 35/40 MP: 4/4
   949 | D:4      | Reached skill level 2 in Armour
  1561 | D:5      | Entered Level 5 of the Dungeon
  1744 | D:5      | Found a staircase to the Ecumenical Temple.
  1760 | D:5      | Reached skill level 6 in Axes
  1760 | D:5      | Reached XP level 5. HP: 40/47 MP: 5/5
  2215 | D:5      | Reached skill level 5 in Fighting
  2215 | D:5      | Reached XP level 6. HP: 52/56 MP: 6/6
  2309 | D:5      | Reached skill level 3 in Armour
  2487 | D:5      | Reached skill level 7 in Axes
  3157 | D:6      | Found Pawuloq's Magic Scroll Emporium.
  3196 | D:6      | Found Liboje's Weapon Emporium.
  3233 | D:6      | Reached XP level 7. HP: 58/61 MP: 7/7
  3248 | D:6      | You fall into a shaft and drop 1 floor!
  3380 | D:7      | Found a blossoming altar of Fedhas.
  3397 | D:7      | Gained mutation: You possess an exceptional clarity of
                  | mind. [potion of mutation]
  3397 | D:7      | Gained mutation: You have large cloven feet. [potion of
                  | mutation]
  3397 | D:7      | Gained mutation: You have hoof-like feet. [potion of
                  | mutation]
  3397 | D:7      | Gained mutation: You are robust. (+10% HP) [potion of
                  | mutation]
  3401 | D:7      | HP: 25/102 [poisoned by a killer bee]
  3403 | D:7      | Reached skill level 8 in Axes
  3406 | D:7      | HP: 19/102 [killer bee (4)]
  3410 | D:7      | HP: 9/102 [poisoned by a killer bee]
  3411 | D:7      | Slain by a killer bee

Illustrated notes

Levels and vault maps discovered:
D:1:      onia_arrival_mini_spirals, layout_loops_cross,
          chequers_serial_rivers_small_b
D:2:      layout_basic, minmay_quantized
D:3:      layout_rooms, chequers_temple_overflow_minitemple,
          nicolae_tso_carved_into_rock
D:4:      layout_rooms, minmay_misc_feat_x
D:5:      layout_layer_cave, temple_green
D:6:      layout_basic, serial_shops, nicolae_shop_window_shopping, shop,
          nicolae_take_the_stairs
D:7:      layout_loops_cross, mainiacjoe_overflow_concentric_impassable,
          enter_bailey_7, chequers_decorated_corner,
          nicolae_nh_oracle_at_delphi, uniq_pikel

Skill      XL: |  1  2  3  4  5  6  7 |
---------------+----------------------+-----
Armour         | 1 2 3 |  3.9
Fighting       | 4 5 |  5.8
Axes           | 5 6 7 8 |  8.2
Dodging        | |  2.4
Stealth        | |  1.5

Action                     |  1- 3 |  4- 6 |  7- 9 || total
---------------------------+-------+-------+-------++-------
  Melee: Hand axe          |    56 |    66 |       ||   122
         Flail             |       |    57 |    32 ||    89
    Use: Scroll            |       |     7 |       ||     7
         Potion            |       |       |     2 ||     2
   Stab: Sleeping          |     2 |       |       ||     2
 Armour: Ring mail         |    22 |    14 |       ||    36
         Scale mail        |       |    78 |    13 ||    91
         Skin              |       |       |    21 ||    21
  Dodge: Dodged            |    30 |    99 |    16 ||   145

Table legend: (Time is in decaauts)
 A = Elapsed time spent in this place.
 B = Non-inter-level travel time spent in this place.
 C = Inter-level travel time spent in this place.
 D = Time resting spent in this place.
 E = Time spent auto-exploring this place.
 F = Levels seen in this place.
 G = Mean time per level.
                   A        B        C        D        E       F      G
               +--------+--------+--------+--------+--------+-----+--------+
         Total |   3464 |   3317 |    147 |    204 |   2521 |   7 |  494.9 |
       Dungeon |   3464 |   3317 |    147 |    204 |   2521 |   7 |  494.9 |
               +--------+--------+--------+--------+--------+-----+--------+

Top non-repeatable levels by time:
     D:5: 1333 daAuts
     D:4: 845 daAuts
     D:3: 645 daAuts
     D:6: 258 daAuts
     D:7: 168 daAuts
     D:1: 135 daAuts
     D:2: 77 daAuts

Table legend:
 A = Kills in this place as a percentage of kills in the entire game.
 B = Kills by you in this place as a percentage of kills by you in the entire game.
 C = Kills by friends in this place as a percentage of kills by friends in the entire game.
 D = Other kills in this place as a percentage of other kills in the entire game.
 E = Experience gained in this place as a percentage of experience gained in the entire game.
 F = Experience gained in this place divided by the number of levels of this place that you have seen.
                   A       B       C       D       E      F
               +-------+-------+-------+-------+-------+----------------------
         Total | 100.0 | 100.0 |   N/A |   N/A | 100.0 | 120.1
       Dungeon | 100.0 | 100.0 |   N/A |   N/A | 100.0 | 120.1
               +-------+-------+-------+-------+-------+----------------------
